 Dungeon Crawl Stone Soup version 0.27-a0-780-geb8d7bc690 (webtiles) character file.

Game seed: 15127166915794155641

1055 Glokmah the Magician (level 8, -3/58 HPs)
             Began as a Djinni Hedge Wizard on Mar 26, 2021.
             Was a Follower of Makhleb.
             Slain by a gnoll sergeant
             ... wielding a +0 spear
              (6 damage)
             ... on level 6 of the Dungeon.
             The game lasted 00:21:17 (9451 turns).

Glokmah the Magician (Djinni Hedge Wizard)          Turns: 9451, Time: 00:21:17

Health: -3/58      AC:  6    Str:  9    XL:     8   Next: 26%
Gold:   241        EV: 13    Int: 18    God:    Makhleb [*.....] SH:  5 Dex: 13

rFire    + + .     SeeInvis .   a - +0 short sword
rCold    x . .     Faith    .   (no shield)
rNeg     . . .     Spirit   .   m - +0 leather armour
rPois    ∞         Reflect  +   c - +0 hat
rElec    .         Harm     .   (no cloak)
rCorr    .         Rampage  .   y - +2 pair of gloves
Will     .....                  (boots unavailable)
Stlth    ++........             r - amulet of reflection
HPRegen  0.19/turn              (no ring)
MPRegen  0.00/turn              (no ring)

@: flying
A: fire resistance 2, cold vulnerability 1, float, innate caster, hp casting,
extra vitality 1
a: Renounce Religion


You were on level 6 of the Dungeon.
You worshipped Makhleb.
Makhleb was aware of your devotion.
You visited 2 branches of the dungeon, and saw 7 of its levels.
You also visited: Sewer.

You collected 241 gold pieces.

Inventory:

Hand Weapons
 a - a +0 short sword (weapon)
 g - a +0 trident
 h - a +0 dagger
Missiles
 d - 155 stones
 k - 28 poisoned darts (quivered)
 q - 3 boomerangs
Armour
 b - a +0 robe
 c - a +0 hat (worn)
 m - a +0 leather armour (worn)
 s - a +1 pair of gloves
 y - a +2 pair of gloves (worn)
Jewellery
 l - an amulet of magic regeneration
 r - an amulet of reflection (around neck)
Wands
 t - a wand of flame (2)
Scrolls
 f - a scroll of fog
 j - 2 scrolls of magic mapping
 p - 3 scrolls of fear
 v - a scroll of blinking
 x - 2 scrolls of identify
Potions
 e - a potion of might
 i - 3 potions of heal wounds
 n - 5 potions of curing
 o - 2 potions of brilliance
 u - 3 potions of magic
 w - 2 potions of flight {unknown}
 z - a potion of ambrosia
 A - 2 potions of lignification {unknown}


   Skills:
 + Level 3.7 Fighting
 + Level 3.8 Armour
 + Level 4.8 Dodging
 - Level 1.5 Stealth
 * Level 5.5 Spellcasting
 + Level 2.1 Invocations


You couldn't memorise any spells.
You knew the following spells:

 Your Spells              Type           Power      Damage    Failure   Level
a - Magic Dart            Conj           96%        1d7       1%          1
b - Blink                 Tloc           N/A        N/A       2%          2
c - Call Imp              Summ           24%        N/A       2%          2
d - Slow                  Hex            24%        N/A       2%          2
e - Conjure Flame         Conj/Fire      24%        6-21      5%          3
f - Mephitic Cloud        Conj/Pois/Air  24%        N/A       5%          3
g - Corona                Hex            26%        N/A       1%          1
h - Swiftness             Air            24%        N/A       2%          2
i - Ozocubu's Armour      Ice            24%        N/A       5%          3
Your spell library was empty.

Dungeon Overview and Level Annotations

Branches:
Dungeon (6/15)             Temple (1/1) D:4           Sewer (visited)

Altars:
Ashenzari
Cheibriados
Dithmenos
Elyvilon
Hepliaklqana
Kikubaaqudgha
Makhleb
Nemelex Xobeh
Okawaru
Qazlal
Ru
Sif Muna
Trog
Uskayaw
Wu Jian
Xom
Yredelemnul
Zin
The Shining One

Shops:
D:1 (


Innate Abilities, Weirdness & Mutations

You are immune to poison.
Your flesh is very heat resistant. (rF++)
You are vulnerable to cold. (rC-)
You float through the air rather than walking.
You learn spells naturally, not from books.
Your magical power is your life essence.
You have superior vitality. (+4 HP)


Message History

Press: ? - help, Shift-Dir - straight line, f - you, p - gnoll sergeant That beam is likely to hit you.
Continue anyway?
Okay, then.
Your crimson imp hits the gnoll sergeant.
The gnoll sergeant barely misses your crimson imp.
Casting: Magic Dart (safe; 1% risk of failure)
Confirm with . or Enter, or press ? or * to list all spells.
Aiming: Magic Dart (safe; 1% risk of failure)
Press: ? - help, Shift-Dir - straight line, f - gnoll sergeant
Aim: a gnoll sergeant, wielding a +0 spear and wearing a +0 scale mail (almost dead, confused, ally target, 0% to evade)
The magic dart hits the gnoll sergeant but does no damage.
The gnoll sergeant is almost dead.
Your crimson imp hits the gnoll sergeant but does no damage.
Your shadow imp barely misses the gnoll sergeant.
The gnoll sergeant hits you with a +0 spear.
* * * LOW HITPOINT WARNING * * *
Casting: Magic Dart (safe; 1% risk of failure)
Confirm with . or Enter, or press ? or * to list all spells.
Aiming: Magic Dart (safe; 1% risk of failure)
Press: ? - help, Shift-Dir - straight line, f/p - gnoll sergeant
Aim: a gnoll sergeant, wielding a +0 spear and wearing a +0 scale mail (almost dead, confused, ally target, 0% to evade)
The magic dart hits the gnoll sergeant but does no damage.
The gnoll sergeant is almost dead.
* * * LOW HITPOINT WARNING * * *
The gnoll sergeant seems less confused.
Your crimson imp barely misses the gnoll sergeant.
The gnoll sergeant hits you with a +0 spear!
* * * LOW HITPOINT WARNING * * *
Casting: Magic Dart (safe; 1% risk of failure)
Confirm with . or Enter, or press ? or * to list all spells.
Aiming: Magic Dart (safe; 1% risk of failure)
Press: ? - help, Shift-Dir - straight line, f/p - gnoll sergeant
Aim: a gnoll sergeant, wielding a +0 spear and wearing a +0 scale mail (almost dead, ally target, 0% to evade)
The magic dart hits the gnoll sergeant.
The gnoll sergeant is almost dead.
* * * LOW HITPOINT WARNING * * *
Your crimson imp hits the gnoll sergeant.
Your shadow imp barely misses the gnoll sergeant.
The gnoll sergeant hits you with a +0 spear.
You die...

........ #....g..
##+##...gg #...#...
##...#.#
####..)...#
#.†.......######
####.##.).........#
#....##..)..55@...#
#....##.....5g....#
#......)...#.######
###...######......#
...........#...†.[#
.#########.#......#
.# #......# .#
.......# .#
.###+####


You could see a gnoll sergeant (ally target), 2 friendly crimson imps and a
friendly shadow imp (summoned).

Vanquished Creatures
  A water moccasin (D:5)
  A bullfrog (Sewer)
  A scorpion (D:5)
  A howler monkey (D:5)
  2 jellies (D:5)
  A bullfrog zombie (D:5)
  2 orc priests (D:5)
  Ijyb (D:3)
  An iguana (D:6)
  A howler monkey zombie (D:5)
  6 gnolls
  A howler monkey skeleton (D:6)
  5 adders
  2 river rats
  3 worms
  3 dart slugs
  5 orcs
  6 ball pythons
  4 bats
  3 endoplasms
  4 giant cockroaches
  2 gnoll zombies (D:5)
  6 goblins
  7 hobgoblins
  6 jackals
  7 frilled lizards
  5 kobolds
  21 rats
108 creatures vanquished.

Vanquished Creatures (collateral kills)
  An ice beast (D:5)
  A phantom (D:4)
  2 bullfrogs
  A scorpion (D:5)
  A hound (D:4)
  A gnoll shaman (D:5)
  3 iguanas
  5 gnolls
  4 river rats
  4 adders
  7 orcs
  9 ball pythons (Sewer)
  A frilled lizard (Sewer)
  10 rats
50 creatures vanquished.

Vanquished Creatures (others)
  A plant (D:4)
1 creature vanquished.

Grand Total: 159 creatures vanquished

Notes
Turn   | Place    | Note
-------+----------+-------------------------------------------
     0 | D:1      | Glokmah the Djinni Hedge Wizard began the quest for the
                  | Orb.
     0 | D:1      | Reached XP level 1. HP: 15/15 MP: 0/0
    84 | D:1      | Found Vuckorir's Weapon Shop.
   802 | D:1      | Reached XP level 2. HP: 17/22 MP: 0/0
  1585 | D:2      | Reached skill level 3 in Spellcasting
  2027 | D:2      | Reached XP level 3. HP: 18/26 MP: 0/0
  2027 | D:2      | Learned a level 1 spell: Corona
  2114 | D:2      | Reached skill level 1 in Fighting
  2114 | D:2      | Reached skill level 1 in Armour
  3013 | D:3      | Reached XP level 4. HP: 24/32 MP: 0/0
  3508 | D:3      | Noticed Ijyb
  3536 | D:3      | Killed Ijyb
  3866 | D:2      | Found a snail-covered altar of Cheibriados.
  3879 | D:2      | Reached XP level 5. HP: 8/38 MP: 0/0
  3879 | D:2      | Learned a level 2 spell: Swiftness
  4755 | D:4      | Found a glowing drain.
  4762 | Sewer    | Entered a sewer
  5367 | Sewer    | Reached skill level 4 in Spellcasting
  5376 | Sewer    | Reached XP level 6. HP: 19/43 MP: 0/0
  6089 | D:4      | Found a staircase to the Ecumenical Temple.
  6110 | Temple   | Entered the Ecumenical Temple
  6115 | Temple   | Became a worshipper of Makhleb the Destroyer
  6540 | D:4      | Found a snail-covered altar of Cheibriados.
  6540 | D:4      | Found a shadowy altar of Dithmenos.
  6541 | D:4      | Found a white marble altar of Elyvilon.
  6661 | D:4      | Reached XP level 7. HP: 20/49 MP: 0/0
  6661 | D:4      | Learned a level 3 spell: Ozocubu's Armour
  6943 | D:5      | Entered Level 5 of the Dungeon
  7752 | D:5      | Reached skill level 5 in Spellcasting
  7752 | D:5      | Reached skill level 1 in Invocations
  8266 | D:5      | Reached * piety under Makhleb
  8277 | D:5      | Reached XP level 8. HP: 36/56 MP: 0/0
  9224 | D:5      | Found a basalt altar of Yredelemnul.
  9451 | D:6      | Slain by a gnoll sergeant

Illustrated notes

Levels and vault maps discovered:
D:1:      heliophobic_arrival_dark_side_of_the_moon, layout_basic, serial_shops,
          shop
D:2:      lemuel_upstairs_altar, layout_rooms, grunt_ministairs_8
D:3:      layout_basic, uniq_ijyb
D:4:      layout_gridville, gammafunk_temple_overflow_forgotten,
          minmay_temple_entry_glass, lightli_sewer_entry_pipes
D:5:      layout_basic, lemuel_zombie_altar_yredelemnul,
          minmay_misc_feat_secret_circle
D:6:      layout_basic, gammafunk_ghost_nasty_kobolds
Temple:   minmay_freezing_vapour_temple

Skill      XL: |  1  2  3  4  5  6  7  8 |
---------------+-------------------------+-----
Spellcasting   | 3 4 5 |  5.5
Fighting       | 1 2 3 |  3.7
Armour         | 1 2 3 |  3.8
Dodging        | 3 4 |  4.8
Invocations    | 1 2 |  2.1
Stealth        | |  1.5

Action                   |  1- 3 |  4- 6 |  7- 9 || total
-------------------------+-------+-------+-------++-------
Melee: Dagger            |    23 |       |       ||    23
       Short sword       |    24 |    75 |    18 ||   117
Throw: Dart              |       |     5 |       ||     5
 Cast: Magic Dart        |    81 |   116 |   115 ||   312
       Call Imp          |     3 |    32 |    18 ||    53
       Blink             |       |     7 |     5 ||    12
       Mephitic Cloud    |       |     6 |     5 ||    11
  Use: Potion            |       |     1 |     1 ||     2
       Scroll            |       |     5 |     8 ||    13
 Stab: Sleeping          |     2 |       |       ||     2
       Confused          |       |     1 |       ||     1
       Distracted        |       |       |     1 ||     1
Armor: Robe              |    15 |    15 |       ||    30
       Leather armour    |       |     5 |     5 ||    10
Dodge: Dodged            |    33 |    76 |    21 ||   130
Block: Other             |       |    28 |     5 ||    33

Table legend: (Time is in decaauts)
 A = Elapsed time spent in this place.
 B = Non-inter-level travel time spent in this place.
 C = Inter-level travel time spent in this place.
 D = Time resting spent in this place.
 E = Time spent auto-exploring this place.
 F = Levels seen in this place.
 G = Mean time per level.
                   A        B        C        D        E       F      G
               +--------+--------+--------+--------+--------+-----+--------+
         Total |   9472 |   8871 |    601 |   3033 |   4095 |   8 | 1184.0 |
       Dungeon |   8325 |   7724 |    601 |   2243 |   4065 |   6 | 1387.5 |
        Temple |     10 |     10 |      0 |      0 |      0 |   1 |   10.0 |
         Sewer |   1136 |   1136 |      0 |    790 |     30 |   1 | 1136.0 |
               +--------+--------+--------+--------+--------+-----+--------+

Top non-repeatable levels by time:
     D:5: 2246 daAuts
     D:4: 1746 daAuts
     D:1: 1661 daAuts
     D:3: 1265 daAuts
     D:2: 1255 daAuts
   Sewer: 1136 daAuts
     D:6: 150 daAuts
  Temple: 10 daAuts
